 Dungeon Crawl Stone Soup version 0.29-a0-194-g6e3aafee17 (webtiles) character file.

Game seed: 442867968450185134

2620 ZeroWinrate the Fighter (level 9, -5/79 (81) HPs)
             Began as a Gnoll Wanderer on Feb 22, 2022.
             Slain by a wight
             ... wielding a +3 falchion
              (8 damage)
             ... on level 6 of the Dungeon.
             The game lasted 00:09:49 (5989 turns).

ZeroWinrate the Fighter (Gnoll Wanderer)            Turns: 5989, Time: 00:09:50

HP:   -5/79 (81)    AC:  5    Str: 10    XL:     9   Next: 60%
MP:   15/15         EV: 14    Int: 13    God:
Gold: 222           SH:  0    Dex: 22    Spells: 12/16 levels left

rFire   . . .      SeeInvis .   a - +3 hunting sling
rCold   . . .      Faith    .   (no shield)
rNeg    . . .      Spirit   .   c - +0 leather armour
rPois   .          Reflect  .   p - +2 hat
rElec   .          Harm     .   (no cloak)
rCorr   .          Rampage  .   (no gloves)
Will    .....                   (no boots)
Stlth   +++.......              (no amulet)
HPRegen 0.23/turn               j - +6 ring of dexterity
MPRegen 0.14/turn               r - ring of flight

@: flying, lightly drained
A: fangs 1, strong nose, distributed training
a: no special abilities


You were on level 6 of the Dungeon.
You visited 1 branch of the dungeon, and saw 7 of its levels.

You collected 258 gold pieces.
You spent 36 gold pieces at shops.

Inventory:

Hand Weapons
 a - a +3 hunting sling (weapon)
 b - a +0 spear
Missiles
 m - a throwing net (quivered)
Armour
 c - a +0 leather armour (worn)
 p - a +2 hat (worn)
Jewellery
 j - a +6 ring of dexterity (left hand)
 r - a ring of flight (right hand)
Wands
 n - a wand of paralysis (7)
 o - a wand of polymorph (9)
Scrolls
 d - 3 scrolls of magic mapping {unknown}
 e - 2 scrolls of amnesia
 f - 2 scrolls of enchant armour
 g - 2 scrolls of noise {unknown}
 k - 5 scrolls of teleportation
 s - a scroll of torment {unknown}
 t - a scroll of fear {unknown}
 u - 2 scrolls of identify
Potions
 h - 2 potions of haste {unknown}
 l - a potion of might
 q - 2 potions of heal wounds {unknown}
 v - a potion of cancellation {unknown}
 w - a potion of brilliance {unknown}


   Skills:
 + Level 11.3 Fighting
 + Level 4.4 Short Blades
 + Level 4.4 Long Blades
 + Level 4.4 Axes
 + Level 4.4 Maces & Flails
 + Level 5.2 Polearms
 + Level 4.4 Staves
 + Level 8.0 Slings
 + Level 4.4 Bows
 + Level 4.4 Crossbows
 + Level 4.4 Throwing
 + Level 5.2 Armour
 + Level 4.4 Dodging
 + Level 4.4 Stealth
 + Level 4.4 Shields
 + Level 4.4 Unarmed Combat
 + Level 4.4 Spellcasting
 + Level 3.6 Conjurations
 + Level 3.6 Hexes
 + Level 3.6 Summonings
 + Level 3.6 Necromancy
 + Level 3.6 Translocations
 + Level 3.6 Transmutations
 + Level 3.6 Fire Magic
 + Level 3.6 Ice Magic
 + Level 3.6 Air Magic
 + Level 3.6 Earth Magic
 + Level 3.6 Poison Magic
 + Level 4.8 Invocations
 + Level 4.4 Evocations


You had 12 spell levels left.
You knew the following spells:

 Your Spells              Type           Power      Damage    Failure   Level
a - Summon Small Mammal   Summ           48%        N/A       6%          1
b - Confusing Touch       Hex            12%        N/A       19%         3

Your spell library contained the following spells:

 Spells                   Type           Power      Damage    Failure   Level
 Animate Skeleton         Necr           24%        N/A       6%          1
 Apportation              Tloc           24%        N/A       6%          1
 Slow                     Hex            48%        N/A       6%          1
 Ozocubu's Armour         Ice            12%        N/A       19%         3
 Tukima's Dance           Hex            12%        N/A       19%         3
 Vampiric Draining        Necr           12%        2d6       19%         3
 Passage of Golubria      Tloc           12%        N/A       52%         4
 Metabolic Englaciation   Hex/Ice        6%         N/A       86%         5
 Yara's Violent Unravell  Hex/Tmut       6%         3d5       86%         5
 Simulacrum               Ice/Necr       6%         N/A       100%        6


Dungeon Overview and Level Annotations

Branches:
Dungeon (7/15)
 Temple: D:4-7

Altars:
Zin

Shops:
D:2 !   D:6 ?

Annotations:
D:3 3 runed translucent doors, enile's ghost, amateur GnWn


Innate Abilities, Weirdness & Mutations

You have very sharp teeth.
Your uncanny sense of smell can sniff out nearby items.
Your experience applies equally to all skills.


Message History

Okay, then.
Unknown command.
Unknown command.
Unknown command.
Unknown command.
Okay, then.
Unknown command.
Unknown command.
Unknown command.
Unknown command.
Unknown command.
Unknown command.
Unknown command.
Unknown command.
Unknown command.
Unknown command.
Unknown command.
Unknown command.
Unknown command.
Unknown command.
Unknown command.
Unknown command.
Unknown command.
Unknown command.
Unknown command.
Unknown command.
Unknown command.
Unknown command.
Unknown command.
Unknown command.
Unknown command.
Unknown command.
Unknown command.
Unknown command.
Unknown command.
Unknown command.
Unknown command.
Unknown command.
The wight hits you with a +3 falchion!
You die...

### ############
#.# #.......#..#
#.###.@zO......#
#..#...........#
##.#...........#
#.#...........#
#.............#
#.............##
##.............#
#............>#
#........##...#
#


You could see an ogre and a wight.

Vanquished Creatures
  A kobold demonologist (D:6)
  A troll (D:6)
  Grinder (D:4)
  Edmund (D:4)
  2 water moccasins
  A sky beast (D:6)
  A black bear (D:4)
  2 necrophages
  An ogre (D:5)
  A centaur (D:6)
  Blork the orc (D:4)
  2 scorpions (D:5)
  A water moccasin skeleton (D:5)
  3 wights (D:7)
  A centaur zombie (D:5)
  4 hounds
  A jelly (D:6)
  A bullfrog skeleton (D:5)
  A gnoll shaman (D:3)
  3 orc priests
  A centaur skeleton (D:6)
  An orc wizard (D:4)
  2 iguanas
  Ijyb (D:4)
  A hound zombie (D:5)
  10 adders
  8 gnolls
  A white imp (D:5)
  2 worms
  5 dart slugs
  11 orcs
  5 bats
  7 endoplasms
  5 giant cockroaches
  11 hobgoblins
  7 jackals
  5 kobolds
  4 quokkas
  9 ball pythons
  A frilled lizard (D:1)
  10 goblins
  8 rats
145 creatures vanquished.

Notes
Turn   | Place    | Note
-------+----------+-------------------------------------------
     0 | D:1      | Reached skill level 10 in Fighting
     0 | D:1      | ZeroWinrate the Gnoll Wanderer began the quest for the Orb.
     0 | D:1      | ZeroWinrate set off with the following items: a +3 hunting
                  | sling, a +0 spear, a +0 leather armour
     0 | D:1      | Reached XP level 1. HP: 29/29 MP: 1/1
    71 | D:1      | Reached XP level 2. HP: 36/36 MP: 2/2
   165 | D:1      | Reached XP level 3. HP: 42/42 MP: 3/3
   275 | D:1      | Reached skill level 1 in Invocations
   457 | D:2      | Found Viudedd's Distillery.
   466 | D:2      | Bought a potion of curing for 36 gold pieces
   482 | D:2      | Reached skill level 1 in Short Blades
   482 | D:2      | Reached skill level 1 in Long Blades
   482 | D:2      | Reached skill level 1 in Axes
   482 | D:2      | Reached skill level 1 in Maces & Flails
   482 | D:2      | Reached skill level 1 in Staves
   482 | D:2      | Reached skill level 1 in Bows
   482 | D:2      | Reached skill level 1 in Crossbows
   482 | D:2      | Reached skill level 1 in Throwing
   482 | D:2      | Reached skill level 1 in Dodging
   482 | D:2      | Reached skill level 1 in Stealth
   482 | D:2      | Reached skill level 1 in Shields
   482 | D:2      | Reached skill level 1 in Unarmed Combat
   482 | D:2      | Reached skill level 1 in Spellcasting
   482 | D:2      | Reached skill level 1 in Evocations
   482 | D:2      | Reached XP level 4. HP: 48/48 MP: 5/5
   730 | D:2      | Reached skill level 1 in Conjurations
   730 | D:2      | Reached skill level 1 in Hexes
   730 | D:2      | Reached skill level 1 in Summonings
   730 | D:2      | Reached skill level 1 in Necromancy
   730 | D:2      | Reached skill level 1 in Translocations
   730 | D:2      | Reached skill level 1 in Transmutations
   730 | D:2      | Reached skill level 1 in Fire Magic
   730 | D:2      | Reached skill level 1 in Ice Magic
   730 | D:2      | Reached skill level 1 in Air Magic
   730 | D:2      | Reached skill level 1 in Earth Magic
   730 | D:2      | Reached skill level 1 in Poison Magic
  1137 | D:3      | Reached XP level 5. HP: 52/54 MP: 6/6
  1664 | D:3      | Found a faded altar of an unknown god.
  1730 | D:3      | Found a glowing silver altar of Zin.
  1736 | D:3      | Found a runed translucent gate.
  1736 | D:3      | Found a runed translucent gate.
  1737 | D:3      | Found a runed translucent gate.
  1739 | D:3      | Noticed enile's ghost (amateur GnWn)
  2030 | D:4      | Reached XP level 6. HP: 61/61 MP: 8/8
  2031 | D:4      | Noticed a necrophage
  2345 | D:4      | Noticed a black bear
  2354 | D:4      | Killed a black bear
  2653 | D:4      | Noticed Grinder
  2659 | D:4      | Paralysed by Grinder for 2 turns
  2663 | D:4      | Killed Grinder
  2664 | D:4      | Reached XP level 7. HP: 67/67 MP: 10/10
  2664 | D:4      | Noticed Blork the orc
  2673 | D:4      | Killed Blork the orc
  3267 | D:4      | Noticed Edmund
  3280 | D:4      | Killed Edmund
  3281 | D:4      | Reached XP level 8. HP: 57/74 MP: 12/12
  3457 | D:4      | Noticed Ijyb
  3460 | D:4      | Killed Ijyb
  3627 | D:5      | Entered Level 5 of the Dungeon
  3650 | D:5      | Learned a level 1 spell: Summon Small Mammal
  3654 | D:5      | Learned a level 3 spell: Confusing Touch
  3856 | D:5      | Reached skill level 11 in Fighting
  4490 | D:6      | Reached XP level 9. HP: 77/81 MP: 14/14
  5013 | D:6      | Noticed a kobold demonologist
  5015 | D:6      | Noticed a smoke demon
  5027 | D:6      | Killed a kobold demonologist
  5138 | D:6      | Found Dukoila's Magic Scroll Shoppe.
  5298 | D:6      | Noticed a troll
  5305 | D:6      | Killed a troll
  5306 | D:6      | Reached skill level 5 in Polearms
  5306 | D:6      | Reached skill level 5 in Armour
  5981 | D:6      | HP: 4/81 [wight/+3 falchion (10)]
  5981 | D:6      | HP: 1/79 [wight/+3 falchion (3)]
  5989 | D:6      | Slain by a wight

Illustrated notes

Levels and vault maps discovered:
D:1:      saegor_arrival_simple_d, layout_rooms
D:2:      layout_rooms, serial_shops, shop
D:3:      layout_basic, mainiacjoe_overflow_alcove_2,
          gammafunk_ghost_necromancy, shapermc_ecumenical_altar_mp_vishouse
D:4:      layout_loops_corners, sigmund_army, uniq_blork_the_orc, uniq_grinder,
          uniq_edmund, uniq_ijyb
D:5:      layout_cave_pools
D:6:      layout_cave_pods, serial_shops, nicolae_shop_stone,
          roderic_three_in_a_row, minmay_three_doors
D:7:      layout_rooms, minmay_temple_entry_offerings

Skill      XL: |  1  2  3  4  5  6  7  8  9 |
---------------+----------------------------+-----
Fighting       | 11 | 11.3
Invocations    | 1 2 3 4 |  4.8
Short Blades   | 1 2 3 4 |  4.4
Long Blades    | 1 2 3 4 |  4.4
Axes           | 1 2 3 4 |  4.4
Maces & Flails | 1 2 3 4 |  4.4
Staves         | 1 2 3 4 |  4.4
Bows           | 1 2 3 4 |  4.4
Crossbows      | 1 2 3 4 |  4.4
Throwing       | 1 2 3 4 |  4.4
Dodging        | 1 2 3 4 |  4.4
Stealth        | 1 2 3 4 |  4.4
Shields        | 1 2 3 4 |  4.4
Unarmed Combat | 1 2 3 4 |  4.4
Spellcasting   | 1 2 3 4 |  4.4
Evocations     | 1 2 3 4 |  4.4
Conjurations   | 1 2 3 |  3.6
Hexes          | 1 2 3 |  3.6
Summonings     | 1 2 3 |  3.6
Necromancy     | 1 2 3 |  3.6
Translocations | 1 2 3 |  3.6
Transmutations | 1 2 3 |  3.6
Fire Magic     | 1 2 3 |  3.6
Ice Magic      | 1 2 3 |  3.6
Air Magic      | 1 2 3 |  3.6
Earth Magic    | 1 2 3 |  3.6
Poison Magic   | 1 2 3 |  3.6
Polearms       | 3 4 5 |  5.2
Armour         | 3 4 5 |  5.2
Slings         | 7 8 |  8.0

Action                   |  1- 3 |  4- 6 |  7- 9 || total
-------------------------+-------+-------+-------++-------
Melee: Spear             |       |       |     3 ||     3
 Fire: Hunting sling     |    70 |   155 |   284 ||   509
Throw: Throwing net      |       |       |     2 ||     2
Evoke: Wand              |       |     3 |     8 ||    11
  Use: Scroll            |       |       |     7 ||     7
       Potion            |       |       |     2 ||     2
Armor: Leather armour    |    11 |     8 |    30 ||    49
Dodge: Dodged            |    12 |    32 |   109 ||   153

Table legend: (Time is in decaauts)
 A = Elapsed time spent in this place.
 B = Non-inter-level travel time spent in this place.
 C = Inter-level travel time spent in this place.
 D = Time resting spent in this place.
 E = Time spent auto-exploring this place.
 F = Levels seen in this place.
 G = Mean time per level.
                   A        B        C        D        E       F      G
               +--------+--------+--------+--------+--------+-----+--------+
         Total |   6057 |   5845 |    212 |    723 |   4226 |   7 |  865.3 |
       Dungeon |   6057 |   5845 |    212 |    723 |   4226 |   7 |  865.3 |
               +--------+--------+--------+--------+--------+-----+--------+

Top non-repeatable levels by time:
     D:6: 1488 daAuts
     D:4: 1393 daAuts
     D:3: 1346 daAuts
     D:5: 830 daAuts
     D:2: 470 daAuts
     D:1: 448 daAuts
     D:7: 80 daAuts
